Map: King's Cove LE

Players

RyanChobo - Winner!

  • Race: Terran Terran
  • League: Platinum
  • Spawn Location: 5:00

DarwinAwdWnr

  • Race: Zerg Zerg
  • League: Gold
  • Spawn Location: 11:00

VOD

Have the link to the VOD?

Description

Time

  • Played on: June 23, 2019, 12:15 p.m.
  • Length: 15:56
Show
View Real Time Build Order
Export as new Build Order

RyanChobo Terran - Winner!

Build Orders: Banshee Rush 

Get SALT Encoding   

  12  0:00  SCV  
  13  0:15  Supply Depot  
  13  0:18  SCV  
  14  0:30  SCV  
  15  0:38  Barracks  
  15  0:42  SCV  
  16  0:49  Refinery  
  16  0:55  SCV  
  17  1:07  SCV  
  18  1:19  SCV  
  19  1:28  Supply Depot  
  19  1:31  Orbital Command  
  19  1:36  Reaper  
  20  1:41  Refinery  
  20  1:57  SCV  
  21  2:09  Factory  
  21  2:26  Command Center  
  21  2:32  SCV  
  22  2:44  SCV  
  23  2:57  Factory Tech Lab  
  23  2:58  SCV, Starport  
  23  3:03  Barracks Reactor  
  24  3:10  SCV  
  25  3:22  SCV  
  25  3:26  Bunker  
  26  3:35  SCV  
  26  3:36  Supply Depot  
  27  3:43  Marine x2  
  27  3:44  Banshee  
  27  3:46  Cloaking Field  
  27  3:47  Factory Tech Lab  
  32  3:48  SCV  
  33  3:57  Barracks  
  33  4:05  Marine x2  
  33  4:09  Siege Tank  
  38  4:14  SCV  
  39  4:23  Orbital Command  
  38  4:28  Supply Depot  
  38  4:31  Supply Depot  
  38  4:37  Marine x2  
  40  4:47  Banshee  
  43  4:53  SCV  
  43  4:54  Siege Tank  
  43  4:55  Marine  
  43  4:56  Marine  
  49  5:23  SCV  
  49  5:24  Marine x2  
  52  5:36  SCV  
  52  5:42  Marine x2  
  55  5:48  Siege Tank  
  55  5:49  Banshee  
  61  5:55  SCV  
  62  6:02  Marine x2  
  61  6:05  Barracks Reactor  
  61  6:06  Barracks Tech Lab  
  61  6:10  Barracks  
  61  6:11  Barracks  
  61  6:12  Barracks  
  61  6:25  SCV  
  61  6:26  SCV  
  61  6:32  Liberator  
  63  6:36  Stimpack  
  63  6:38  SCV  
  61  6:42  Marine x2  
  61  6:45  SCV  
  64  6:47  Siege Tank  
  64  6:53  Supply Depot  
  64  6:54  Supply Depot x2  
  70  6:59  Engineering Bay  
  70  7:00  Engineering Bay  
  70  7:15  SCV x2, Marine x2  
  74  7:33  Refinery, SCV  
  74  7:34  Barracks Tech Lab  
  74  7:35  Barracks Reactor x2  
  74  7:36  Siege Tank  
  78  7:44  Marine x2  
  78  7:49  Marauder  
  82  7:56  Barracks  
  82  7:57  Terran Infantry Armor Level 1, Terran Infantry Weapons Level 1  
  82  8:00  SCV  
  82  8:01  Marine  
  82  8:02  Marine  
  85  8:11  SCV, Marine  
  87  8:26  Marine x5  
  89  8:28  Marine x2  
  89  8:29  Siege Tank  
  89  8:33  Supply Depot  
  94  8:35  Supply Depot  
  94  8:51  Missile Turret  
  94  8:52  Missile Turret  
  94  8:53  Marine x3  
  94  8:55  Missile Turret, Marine x2  
  96  8:57  Missile Turret  
  96  9:09  Marine  
  96  9:10  Marine x4  
  96  9:11  Combat Shield  
  101  9:18  Marine x2  
  103  9:35  Barracks Reactor  
  103  9:47  Marine x3  
  103  9:48  Marine x3  
  109  10:01  Armory  
  109  10:03  Supply Depot x2  
  109  10:05  Marine  
  110  10:07  Command Center  
  110  10:17  Marine x2  
  110  10:19  Marine  
  88  10:26  Marine x2  
  88  10:38  Medivac x2  
  92  10:43  Marine x3  
  92  10:44  Marine x3  
  98  10:52  Marine x3  
  98  10:53  Terran Infantry Armor Level 2, Terran Infantry Weapons Level 2  
  101  10:57  Command Center  
  101  11:01  Marine  
  86  11:21  Marine x3  
  87  11:35  Marine x5  
  87  11:36  Marine  
  75  11:47  Marine  
  75  11:48  Marine x2  
  75  11:53  Marine x6  
  83  11:56  Planetary Fortress  
  83  11:59  Missile Turret  
  83  12:05  Marine x3  
  85  12:10  Marine  
  85  12:11  Marine x4, Medivac x2  
  94  12:19  Siege Tank  
  94  12:20  Starport  
  94  12:21  Missile Turret  
  97  12:27  Factory  
  97  12:29  Marine x3  
  99  12:30  Marine x2  
  102  12:37  Missile Turret  
  102  12:39  SCV  
  102  12:40  SCV  
  104  12:46  Medivac x2  
  104  12:51  SCV  
  109  13:03  Siege Tank  
  112  13:10  Siege Tank  
  112  13:12  Marine x5  
  118  13:13  Marine x3  
  118  13:17  Barracks Reactor  
  123  13:22  SCV x2  
  123  13:24  Refinery  
  123  13:25  Refinery, SCV x2  
  127  13:30  Marine x2  
  129  13:34  Marine x4  
  129  13:35  Marine x2  
  129  13:40  SCV  
  136  13:43  SCV x2  
  136  13:47  Siege Tank, Marine  
  136  13:48  Marine  
  143  13:52  Marine x3  
  143  13:55  SCV x2  
  148  13:59  Marine  
  148  14:00  Marine x4  
  153  14:05  Marine x2  
  153  14:06  Refinery  
  153  14:07  Refinery  
  153  14:09  Missile Turret  
  154  14:10  Marine x2  
  154  14:15  Planetary Fortress  
  156  14:27  Starport Reactor  
  156  14:29  SCV, Marine, Supply Depot  
  158  14:31  Supply Depot  
  158  14:34  Supply Depot  
  158  14:36  SCV x2  
  158  14:37  Marine x6  
  166  14:47  Marine x4  
  170  14:54  Marine  
  170  14:55  Marine  
Show
View Real Time Build Order
Export as new Build Order

DarwinAwdWnr Zerg 

Build Orders: Hatch First, Muta Ling Bane 

Get SALT Encoding   

  12  0:11  Drone x2  
  14  0:23  Overlord  
  15  0:42  Drone  
  15  0:43  Drone  
  16  0:57  Hatchery  
  16  1:03  Drone x2  
  17  1:09  Drone  
  18  1:16  Extractor  
  17  1:20  Drone  
  18  1:26  Spawning Pool  
  18  1:28  Drone  
  18  1:40  Drone  
  19  1:50  Drone  
  20  2:03  Overlord  
  20  2:12  Drone x2  
  20  2:13  Queen  
  24  2:22  Hatchery  
  24  2:25  Zergling x2  
  24  2:27  Zergling x2  
  25  2:32  Metabolic Boost  
  23  2:54  Drone x6  
  27  3:17  Drone x4  
  27  3:19  Queen  
  33  3:28  Queen  
  35  3:43  Drone x5  
  40  3:58  Overlord  
  40  3:59  Overlord  
  40  4:16  Queen  
  42  4:32  Spore Crawler  
  42  4:35  Spore Crawler  
  42  4:37  Drone x13, Spore Crawler  
  42  4:38  Queen  
  54  4:42  Overlord  
  52  5:38  Lair  
  49  5:50  Drone  
  49  5:51  Drone x9  
  56  6:03  Drone  
  56  6:04  Overlord x4, Drone  
  53  6:31  Queen x2  
  53  6:59  Extractor  
  53  7:00  Spire  
  51  7:06  Baneling Nest  
  51  7:07  Queen  
  51  7:08  Extractor  
  51  7:09  Extractor  
  51  7:15  Drone x6  
  48  7:16  Drone x13  
  65  8:04  Extractor x2  
  63  8:05  Hatchery  
  63  8:09  Zergling x8  
  63  8:10  Zergling x16  
  73  8:18  Mutalisk x3  
  78  8:26  Zerg Flyer Weapons Level 1  
  71  9:18  Drone  
  71  9:19  Drone x14  
  86  9:35  Baneling x7  
  86  9:36  Baneling x17  
  86  9:37  Zergling x10  
  91  9:50  Centrifical Hooks  
  91  9:56  Zergling x10  
  76  10:22  Zergling x26  
  76  10:27  Baneling x8  
  71  11:01  Mutalisk  
  71  11:02  Mutalisk x5  
  74  11:21  Zergling x8  
  75  11:26  Zergling x2  
  75  11:27  Zergling x6  
  67  11:44  Zergling x2  
  67  11:45  Zergling x4  
  67  11:55  Zergling x4  
  69  12:02  Hatchery  
  67  12:13  Hatchery  
  64  12:21  Hatchery  
  63  12:41  Mutalisk x6  
  75  13:07  Zergling x2  
  75  13:11  Baneling x10  
  75  13:12  Baneling x8  
  76  13:14  Zergling x10  
  81  13:40  Overlord x2  
  81  13:46  Mutalisk x6  
  91  14:32  Drone x5, Zergling x8  
  91  14:33  Zergling x10, Drone x4  
  91  14:34  Drone  
  91  14:37  Baneling x12  
  110  14:49  Infestation Pit  
  109  15:13  Zergling x2  
  110  15:15  Overlord x3  
  110  15:16  Overlord  
  110  15:17  Baneling x13  
  110  15:18  Baneling x5  
  88  15:37  Zergling x4  
  88  15:38  Zergling x40  
Tags
 
Composition
Muta Ling Bane
Matchup
TvZ
Replay Pack
10.7.19
Spawn Locations
Cross Positions
Strategy
Banshee Rush
Add a new tag
Caveats
  • Supply blocks, unpowered buildings, or Contaminate may cause inaccurate times.
  • Supply counts are checked every 10 seconds.